 Dungeon Crawl Stone Soup version 0.29-a0-338-g1ff7896281 (webtiles) character file.

Game seed: 1204535072240662338

88 sammy202020 the Skirmisher (level 4, -3/37 HPs)
             Began as a Demonspawn Berserker on Apr 19, 2022.
             Was a Believer of Trog.
             Killed by divine providence
             ... invoked by an orc priest
              (12 damage)
             ... on level 3 of the Dungeon.
             The game lasted 00:03:04 (2461 turns).

sammy202020 the Skirmisher (Demonspawn Berserker)   Turns: 2461, Time: 00:03:05

Health: -3/37      AC: 12    Str: 17    XL:     4   Next: 29%
Magic:  4/4        EV:  9    Int: 11    God:    Trog [**....]
Gold:   123        SH:  0    Dex: 12    Spells: 3/3 levels left

rFire   . . .      SeeInvis .   a - +0 hand axe
rCold   . . .      Faith    .   (no shield)
rNeg    . . .      Spirit   .   o - +0 plate armour
rPois   .          Reflect  .   d - +0 helmet
rElec   .          Harm     .   (no cloak)
rCorr   .          Rampage  .   (no gloves)
Will    .....                   (no boots)
Stlth   ..........              (no amulet)
HPRegen 0.12/turn               f - +4 ring of evasion
MPRegen 0.09/turn               (no ring)

@: no status effects
A: ignite blood 1, weakness stinger 2
a: Renounce Religion, Berserk, Trog's Hand


You were on level 3 of the Dungeon.
You worshipped Trog.
Trog was pleased with you.
You visited 1 branch of the dungeon, and saw 3 of its levels.

You collected 123 gold pieces.

Inventory:

Hand Weapons
 a - a +0 hand axe (weapon)
 q - a +0 mace
Missiles
 s - 4 poisoned darts (quivered)
Armour
 d - a +0 helmet (worn)
 o - a +0 plate armour (worn)
Jewellery
 f - a +4 ring of evasion (left hand)
Scrolls
 b - a scroll of fear {unknown}
 e - a scroll of amnesia {unknown}
 g - 2 scrolls of blinking {unknown}
 h - 3 scrolls of teleportation {unknown}
 k - 3 scrolls of identify {unknown}
 n - a scroll of vulnerability {unknown}
 p - 2 scrolls of magic mapping {unknown}
 r - a scroll of holy word {unknown}
 t - a scroll of torment {unknown}
Potions
 c - a potion of heal wounds {unknown}
 i - a potion of berserk rage {unknown}
 j - 2 potions of attraction {unknown}
 l - a potion of flight {unknown}
 m - a potion of curing {unknown}
 u - 2 potions of degeneration {unknown}


   Skills:
 * Level 4.0 Fighting
 * Level 3.6 Axes
 + Level 2.4 Armour
 - Level 1.7 Dodging


You had 3 spell levels left.
You didn't know any spells.
Your spell library was empty.

Dungeon Overview and Level Annotations

Branches:
Dungeon (3/15)

Altars:


Innate Abilities, Weirdness & Mutations

Your demonic aura sometimes causes spilled blood to erupt in flames.
You have a tail ending in a sharp stinger.


Message History

No reachable target in view!
The bullfrog croaks.
An orc comes into view. It is wielding a +0 flail.
A quokka comes into view.
The orc hits you but does no damage. The orc hits you but does no damage.
You miss the quokka.
Your tail-slap misses the quokka.
You hit the orc. The quokka barely misses you.
The orc hits you but does no damage. The quokka misses you.
The orc barely misses you. The quokka completely misses you.
The orc barely misses you. The orc hits you but does no damage.
You closely miss the orc.
You tail-slap the orc, but do no damage.
You barely miss the orc. You hit the orc. You barely miss the quokka.
The quokka barely misses you. The orc barely misses you.
The orc hits you but does no damage. The orc hits you with a +0 flail.
You hit the orc but do no damage. You barely miss the orc. You hit the orc.
You kill the orc!
Trog accepts your kill.
You hit the quokka but do no damage.
The quokka bites you but does no damage.
The orc hits you but does no damage.
The orc priest invokes the aid of Beogh against you.
Beogh smites you! The orc closely misses you. The quokka barely misses you.
You hit the orc. Your punch misses the orc.
The orc is heavily wounded.
You barely miss the quokka. You closely miss the orc.
The orc hits you with a +0 club. The orc hits you with a +0 whip.
The quokka barely misses you.
The bullfrog hits you but does no damage.
You hit the orc but do no damage.
The orc is heavily wounded.
You hit the bullfrog. You completely miss the quokka. You hit the orc.
The bullfrog closely misses you. The orc hits you with a +0 club.
The orc hits you but does no damage. The quokka closely misses you.
The bullfrog hits you.
* * * LOW HITPOINT WARNING * * *
The orc priest invokes the aid of Beogh against you.
Beogh smites you!
You die...

... #.# #.# #.# #.#
#############
#.#####...........######.#
).......#########........#
#.####.###....ooo).#######
....##.# .#...#@r.#
..#....# .o....F...#
###.#..#⌠..........#
#.##.#$..........#
#.##.##..#...#..## #.##.#
#........# #.##..
########.# #..... .# #.
...


You could see a bullfrog, an orc priest, 3 orcs and a quokka.

Vanquished Creatures
  3 gnolls (D:3)
  An adder (D:2)
  2 dart slugs
  3 orcs (D:3)
  3 ball pythons
  6 bats
  2 endoplasms
  A giant cockroach (D:1)
  3 goblins (D:2)
  2 hobgoblins
  2 jackals (D:3)
  2 quokkas (D:2)
  2 frilled lizards (D:2)
  5 kobolds
  5 rats
42 creatures vanquished.

Notes
Turn   | Place    | Note
-------+----------+-------------------------------------------
     0 | D:1      | sammy202020 the Demonspawn Berserker began the quest for
                  | the Orb.
     0 | D:1      | Reached XP level 1. HP: 18/18 MP: 1/1
   894 | D:2      | Gained mutation: You have a small tail. [demonic ancestry]
   894 | D:2      | Reached XP level 2. HP: 24/24 MP: 2/2
  1095 | D:2      | HP: 1/36 [poisoned by an adder]
  1455 | D:2      | Gained mutation: You have a tail ending in a sharp stinger.
                  | [demonic ancestry]
  1455 | D:2      | Reached XP level 3. HP: 29/29 MP: 3/3
  2046 | D:3      | Noticed a bullfrog
  2099 | D:3      | Gained mutation: Your demonic aura sometimes causes spilled
                  | blood to erupt in flames. [demonic ancestry]
  2099 | D:3      | Reached XP level 4. HP: 14/37 MP: 4/4
  2412 | D:3      | Reached ** piety under Trog
  2413 | D:3      | Reached skill level 4 in Fighting
  2461 | D:3      | Killed from afar by an orc priest

Illustrated notes

Levels and vault maps discovered:
D:1:      dpeg_arrival_connections, layout_basic
D:2:      layout_basic, serial_curves, eino_curves_03, eino_curves_02,
          serial_bayou_pond_a, minmay_tripent
D:3:      cheibrodos_pilgrimage, layout_loops_ring,
          shapermc_ecumenical_altar_acropolis, minmay_fountain_box,
          uniq_crazy_yiuf_cottage

Skill      XL: |  1  2  3  4 |
---------------+-------------+-----
Armour         | 2 |  2.4
Axes           | 3 |  3.6
Fighting       | 4 |  4.0
Dodging        | |  1.7

Action                   |  1- 3 |  4- 6 || total
-------------------------+-------+-------++-------
Melee: Hand axe          |    92 |    19 ||   111
       Tailslap          |     4 |     3 ||     7
Invok: Berserk           |     2 |       ||     2
Armor: Animal skin       |    11 |       ||    11
       Scale mail        |     8 |       ||     8
       Plate armour      |    20 |    12 ||    32
Dodge: Dodged            |    73 |    21 ||    94

Table legend: (Time is in decaauts)
 A = Elapsed time spent in this place.
 B = Non-inter-level travel time spent in this place.
 C = Inter-level travel time spent in this place.
 D = Time resting spent in this place.
 E = Time spent auto-exploring this place.
 F = Levels seen in this place.
 G = Mean time per level.
                   A        B        C        D        E       F      G
               +--------+--------+--------+--------+--------+-----+--------+
         Total |   2494 |   2487 |      7 |    510 |   1574 |   3 |  831.3 |
       Dungeon |   2494 |   2487 |      7 |    510 |   1574 |   3 |  831.3 |
               +--------+--------+--------+--------+--------+-----+--------+

Top non-repeatable levels by time:
     D:2: 1103 daAuts
     D:1: 887 daAuts
     D:3: 503 daAuts
